| TOP OF THE 1ST |
|
University of Illinois Fighting Illini batting - Pitching for Oklahoma State University Cowboys : RHP Ryan Kominski
|
|
Pitching: RHP Ryan Kominski
|
|
|
Batting: SHB Chris Handelman
|
0-0: Ball 1-0: Ground out U3 (Groundball, 23, EV 87.5 MPH)
|
|
Batting: RHB Alejandro Collazo
|
0-0: Swinging Strike 0-1: Foul Ball, location: 2F 0-2: Ball 1-2: Ball 2-2: Strikes out looking
|
|
Batting: LHB Sergei Stefanov
|
0-0: Ball 1-0: Ball 2-0: Called Strike 2-1: Swinging Strike 2-2: Ball 3-2: Foul Ball, location: 2F 3-2: Base on Balls
|
|
Batting: RHB Juan Vasquez
|
0-0: Ball 1-0: Ball 2-0: Foul Ball, location: 2F 2-1: Ball 3-1: Foul Ball, location: 2F 3-2: SINGLE (Line Drive, 8LS, EV 100.6 MPH) Sergei Stefanov to second Sergei Stefanov to third
|
|
Batting: RHB Hugo Priego
|
0-0: Foul Ball, location: 2F 0-1: Ball 1-1: SINGLE (Line Drive, 56, EV 103.8 MPH) Sergei Stefanov scores Juan Vasquez to second
|
|
Batting: LHB Hector Acosta
|
0-0: Called Strike 0-1: Ball 1-1: Ball 2-1: Foul Ball, location: 2F 2-2: Strikes out swinging
|
| Top of the 1st over - 1 run, 2 hits, 0 errors, 2 left on base; University of Illinois 1 - Oklahoma State University 0 |
| BOTTOM OF THE 1ST |
|
Oklahoma State University Cowboys batting - Pitching for University of Illinois Fighting Illini : RHP Luis Stuit
|
|
Pitching: RHP Luis Stuit
|
|
|
Batting: RHB Settan Nakamura
|
0-0: SINGLE (Line Drive, 8LS, EV 106.2 MPH)
|
|
Batting: LHB Orlando Hurtado
|
0-0: Swinging Strike 0-1: Foul Ball, location: 2F 0-2: Ball 1-2: Strikes out looking
|
|
Batting: RHB Ben Saxton
|
0-0: Called Strike Settan Nakamura steals 2nd base 0-1: Ball 1-1: DOUBLE (Line Drive, 9LM, EV 95.6 MPH) Settan Nakamura scores
|
|
Batting: LHB Rafael Banda
|
0-0: Ball 1-0: Called Strike 1-1: Called Strike 1-2: Ball 2-2: Foul Ball, location: 2F 2-2: Ground out 5-3 (Groundball, 56S, EV 80.0 MPH)
|
|
Batting: RHB Masakuni Takeuchi
|
0-0: Ball 1-0: Swinging Strike 1-1: Ball 2-1: Fly out, F9 (Line Drive, 9LS, EV 98.1 MPH)
|
| Bottom of the 1st over - 1 run, 2 hits, 0 errors, 1 left on base; University of Illinois 1 - Oklahoma State University 1 |
| TOP OF THE 2ND |
|
University of Illinois Fighting Illini batting - Pitching for Oklahoma State University Cowboys : RHP Ryan Kominski
|
|
Batting: RHB Cody Leonard
|
0-0: Swinging Strike 0-1: Foul Ball, location: 2F 0-2: Strikes out looking
|
|
Batting: LHB Javy Rueda
|
0-0: Ball 1-0: Swinging Strike 1-1: Foul Ball, location: 2F 1-2: Foul Ball, location: 2F 1-2: Strikes out looking
|
|
Batting: LHB Clint Hanninen
|
0-0: Ball 1-0: Foul Ball, location: 2F 1-1: SINGLE (Line Drive, 4D, EV 96.2 MPH)
|
|
Batting: SHB Chris Handelman
|
0-0: Ball 1-0: Ball 2-0: Called Strike 2-1: Reached on error, E4 (Groundball, 34, EV 88.8 MPH) Clint Hanninen to second
|
|
Batting: RHB Alejandro Collazo
|
0-0: Called Strike 0-1: Foul Ball, location: 2F 0-2: Ball 1-2: Foul Ball, location: 2F 1-2: Foul Ball, location: 2F 1-2: Foul Ball, location: 2F 1-2: Strikes out swinging
|
| Top of the 2nd over - 0 runs, 1 hit, 1 error, 2 left on base; University of Illinois 1 - Oklahoma State University 1 |
| BOTTOM OF THE 2ND |
|
Oklahoma State University Cowboys batting - Pitching for University of Illinois Fighting Illini : RHP Luis Stuit
|
|
Batting: SHB Mel Gonzalez
|
0-0: Swinging Strike 0-1: Ground out 4-3 (Groundball, 4, EV 82.5 MPH)
|
|
Batting: LHB Vecdi Ertegun
|
0-0: Called Strike 0-1: Ball 1-1: Called Strike 1-2: Strikes out swinging
|
|
Batting: RHB Pedro Luera
|
0-0: SOLO HOME RUN (Flyball, 9D, EV 97.5 MPH), Distance : 371 ft
|
|
Batting: RHB Isaac Washington
|
0-0: Ball 1-0: Ball 2-0: Ball 3-0: Called Strike 3-1: Foul Ball, location: 2F 3-2: Base on Balls
|
|
Batting: RHB Settan Nakamura
|
0-0: Swinging Strike 0-1: Foul Ball, location: 2F 0-2: DOUBLE (Line Drive, 8LXD, EV 103.1 MPH) Isaac Washington to third
|
|
Batting: LHB Orlando Hurtado
|
0-0: Called Strike 0-1: Foul Ball, location: 2F 0-2: Ball 1-2: Ball 2-2: Strikes out swinging
|
| Bottom of the 2nd over - 1 run, 2 hits, 0 errors, 2 left on base; University of Illinois 1 - Oklahoma State University 2 |
| TOP OF THE 3RD |
|
University of Illinois Fighting Illini batting - Pitching for Oklahoma State University Cowboys : RHP Ryan Kominski
|
|
Batting: LHB Sergei Stefanov
|
0-0: Called Strike 0-1: Ball 1-1: Swinging Strike 1-2: SINGLE (Line Drive, 56D, EV 99.4 MPH)
|
|
Batting: RHB Juan Vasquez
|
0-0: Called Strike 0-1: Ball 1-1: Ball 2-1: DOUBLE (Flyball, 89D, EV 91.9 MPH) Sergei Stefanov to third Runner from 3rd tries for Home, SAFE, throw by CF to home
|
|
Batting: RHB Hugo Priego
|
0-0: Swinging Strike 0-1: Foul Ball, location: 2F 0-2: Ball 1-2: Ball 2-2: SINGLE (Line Drive, 6D, EV 94.4 MPH) Juan Vasquez to third
|
|
Batting: LHB Hector Acosta
|
0-0: Foul Ball, location: 2F 0-1: Ball 1-1: Ball 2-1: Ball 3-1: Foul Ball, location: 2F 3-2: SINGLE (Groundball, 4D, EV 99.4 MPH) Juan Vasquez scores Hugo Priego to second Runner from 2nd tries for 3rd, SAFE, no throw by CF
|
|
Batting: RHB Cody Leonard
|
0-0: Foul Ball, location: 2F 0-1: Ball 1-1: Foul Ball, location: 2F 1-2: Ball 2-2: Strikes out looking
|
|
Pitching: RHP Raymond Goodwin
|
|
|
Batting: LHB Javy Rueda
|
0-0: Ball 1-0: Ball 2-0: Foul Ball, location: 2F 2-1: Grounds into double play, 4-6-3 (Groundball, 4M, EV 95.0 MPH)
|
| Top of the 3rd over - 2 runs, 4 hits, 0 errors, 1 left on base; University of Illinois 3 - Oklahoma State University 2 |
| BOTTOM OF THE 3RD |
|
Oklahoma State University Cowboys batting - Pitching for University of Illinois Fighting Illini : RHP Luis Stuit
|
|
Batting: RHB Ben Saxton
|
0-0: Ball 1-0: Called Strike 1-1: SOLO HOME RUN (Flyball, 9D, EV 95.6 MPH), Distance : 374 ft
|
|
Batting: LHB Rafael Banda
|
0-0: Foul Ball, location: 2F 0-1: Ball 1-1: Fly out, F9 (Line Drive, 9S, EV 110.6 MPH)
|
|
Batting: RHB Masakuni Takeuchi
|
0-0: Swinging Strike 0-1: Called Strike 0-2: Fly out, F9 (Flyball, 9S, EV 95.6 MPH)
|
|
Batting: SHB Mel Gonzalez
|
0-0: Ball 1-0: SINGLE (Groundball, 34D, EV 101.2 MPH)
|
|
Batting: LHB Vecdi Ertegun
|
0-0: Ball 1-0: Foul Ball, location: 2F 1-1: DOUBLE (Line Drive, 89M, EV 105.6 MPH) Mel Gonzalez to third
|
|
Batting: RHB Pedro Luera
|
0-0: DOUBLE (Line Drive, 8LD, EV 107.5 MPH) Mel Gonzalez scores Vecdi Ertegun scores
|
|
Pitching: RHP Kyle Storey
|
|
|
Batting: RHB Isaac Washington
|
0-0: Ball 1-0: Swinging Strike 1-1: Foul Ball, location: 2F 1-2: Strikes out looking
|
| Bottom of the 3rd over - 3 runs, 4 hits, 0 errors, 1 left on base; University of Illinois 3 - Oklahoma State University 5 |
| TOP OF THE 4TH |
|
University of Illinois Fighting Illini batting - Pitching for Oklahoma State University Cowboys : RHP Raymond Goodwin
|
|
Batting: LHB Clint Hanninen
|
0-0: Ground out 6-3 (Groundball, 4MS, EV 76.9 MPH)
|
|
Pinch Hitting: LHB Fumito Sakurai
|
0-0: Ball 1-0: Called Strike 1-1: Ball 2-1: Foul Ball, location: 2F 2-2: Ball 3-2: Strikes out looking
|
|
Batting: RHB Alejandro Collazo
|
0-0: Ball 1-0: Fly out, F7 (Flyball, 78M, EV 88.8 MPH)
|
| Top of the 4th over - 0 runs, 0 hits, 0 errors, 0 left on base; University of Illinois 3 - Oklahoma State University 5 |
| BOTTOM OF THE 4TH |
|
Oklahoma State University Cowboys batting - Pitching for University of Illinois Fighting Illini : RHP Kyle Storey
|
|
Now in CF: Cody Leonard
|
|
|
Now in RF: Fumito Sakurai
|
|
|
Pinch Hitting: RHB Ivan Torres
|
0-0: Foul Ball, location: 2F 0-1: Ball 1-1: Ball 2-1: Swinging Strike 2-2: Foul Ball, location: 2F 2-2: Ball 3-2: Foul Ball, location: 2F 3-2: Strikes out looking
|
|
Batting: LHB Orlando Hurtado
|
0-0: Ball 1-0: Ball 2-0: Called Strike 2-1: Fly out, F8 (Flyball, 8LD, EV 101.2 MPH)
|
|
Pinch Hitting: RHB Chris Marcellus
|
0-0: Ball 1-0: Ball 2-0: Foul Ball, location: 2F 2-1: Swinging Strike 2-2: Ball 3-2: Base on Balls
|
|
Batting: LHB Rafael Banda
|
0-0: Called Strike 0-1: Ball 1-1: Ball 2-1: Called Strike 2-2: Ball 3-2: Foul Ball, location: 2F 3-2: Base on Balls Chris Marcellus to second
|
|
Pitching: RHP Aaron Andrei
|
|
|
Batting: RHB Masakuni Takeuchi
|
0-0: Called Strike 0-1: Foul Ball, location: 2F 0-2: SINGLE (Groundball, 56, EV 100.0 MPH) (infield hit) Chris Marcellus to third Rafael Banda to second
|
|
Batting: SHB Mel Gonzalez
|
0-0: Ball Passed Ball! Chris Marcellus scores Rafael Banda to third Masakuni Takeuchi to second 1-0: Ball 2-0: SINGLE (Line Drive, 7S, EV 110.0 MPH) Rafael Banda scores Masakuni Takeuchi to third
|
|
Batting: LHB Vecdi Ertegun
|
0-0: Called Strike 0-1: Ball 1-1: SINGLE (Groundball, 34, EV 98.8 MPH) Masakuni Takeuchi scores Mel Gonzalez to second
|
|
Batting: RHB Pedro Luera
|
0-0: DOUBLE (Line Drive, 9LS, EV 96.2 MPH) Mel Gonzalez scores Vecdi Ertegun to third Runner from 3rd tries for Home, SAFE, throw by RF to trailing runner, OUT at third! 9-3-5
|
| Bottom of the 4th over - 5 runs, 4 hits, 0 errors, 0 left on base; University of Illinois 3 - Oklahoma State University 10 |
| TOP OF THE 5TH |
|
University of Illinois Fighting Illini batting - Pitching for Oklahoma State University Cowboys : RHP Raymond Goodwin
|
|
Now at 2B: Ivan Torres
|
|
|
Now at 3B: Isaac Washington
|
|
|
Now in RF: Chris Marcellus
|
|
|
Batting: LHB Sergei Stefanov
|
0-0: Ball 1-0: Swinging Strike 1-1: DOUBLE (Line Drive, 7LS, EV 93.1 MPH)
|
|
Batting: RHB Juan Vasquez
|
0-0: Ball 1-0: Ball 2-0: SINGLE (Groundball, 6M, EV 98.1 MPH) Sergei Stefanov to third Runner from 3rd tries for Home, SAFE, throw by CF to home Juan Vasquez to second
|
|
Batting: RHB Hugo Priego
|
0-0: Ball 1-0: Ball 2-0: Called Strike 2-1: Called Strike 2-2: Ball 3-2: Strikes out swinging
|
|
Batting: LHB Hector Acosta
|
0-0: Ball 1-0: Called Strike 1-1: Called Strike 1-2: Foul Ball, location: 2F 1-2: Foul Ball, location: 2F 1-2: Ball 2-2: Ball 3-2: Reached on error, E1 (Groundball, 15S, EV 71.9 MPH) Juan Vasquez scores
|
|
Pinch Hitting: LHB Bill Kovac
|
0-0: Ball 1-0: Ball 2-0: Called Strike 2-1: Ground out U3 (Groundball, 34, EV 98.8 MPH) Hector Acosta to third
|
|
Batting: RHB Paul Pastrano
|
0-0: Called Strike 0-1: Ground out 6-3 (Groundball, 56, EV 83.8 MPH)
|
| Top of the 5th over - 2 runs, 2 hits, 1 error, 1 left on base; University of Illinois 5 - Oklahoma State University 10 |
| BOTTOM OF THE 5TH |
|
Oklahoma State University Cowboys batting - Pitching for University of Illinois Fighting Illini : RHP Aaron Andrei
|
|
Now at C: Adrian Segovia
|
|
|
Now at 1B: Ismael Vega
|
|
|
Now in CF: Bill Kovac
|
|
|
Pinch Hitting: RHB Tatsunori Ishigaki
|
0-0: Ball 1-0: Ground out 4-3 (Groundball, 4, EV 96.2 MPH)
|
|
Batting: RHB Ivan Torres
|
0-0: Called Strike 0-1: Ground out 4-3 (Groundball, 4, EV 91.2 MPH)
|
|
Pinch Hitting: RHB Ji-an See-to
|
0-0: Swinging Strike 0-1: Swinging Strike 0-2: Foul Ball, location: 2F 0-2: Ground out 4-3 (Groundball, 4S, EV 72.5 MPH)
|
| Bottom of the 5th over - 0 runs, 0 hits, 0 errors, 0 left on base; University of Illinois 5 - Oklahoma State University 10 |
| TOP OF THE 6TH |
|
University of Illinois Fighting Illini batting - Pitching for Oklahoma State University Cowboys : RHP Raymond Goodwin
|
|
Pitching: RHP Yorinobu Matsumoto
|
|
|
Now at 1B: Ji-an See-to
|
|
|
Now at 2B: Tatsunori Ishigaki
|
|
|
Now at 3B: Ivan Torres
|
|
|
Now in LF: Mennad Maalik
|
|
|
Batting: LHB Clint Hanninen
|
0-0: Ball 1-0: Foul Ball, location: 2F 1-1: SINGLE (Groundball, 34D, EV 100.0 MPH)
|
|
Batting: LHB Fumito Sakurai
|
0-0: Foul Ball, location: 2F 0-1: Ball 1-1: Ball 2-1: Called Strike 2-2: Strikes out swinging
|
|
Batting: RHB Alejandro Collazo
|
0-0: Foul Ball, location: 2F 0-1: Ball 1-1: Ball 2-1: Fly out, F8 (Flyball, 8RD, EV 106.2 MPH)
|
|
Batting: RHB Adrian Segovia
|
0-0: Called Strike 0-1: Called Strike 0-2: DOUBLE (Line Drive, 9LS, EV 91.2 MPH) Clint Hanninen to third Runner from 3rd tries for Home, SAFE, no throw by RF
|
|
Batting: SHB Ismael Vega
|
0-0: Foul Ball, location: 2F 0-1: Foul Ball, location: 2F 0-2: Ball 1-2: Strikes out swinging
|
| Top of the 6th over - 1 run, 2 hits, 0 errors, 1 left on base; University of Illinois 6 - Oklahoma State University 10 |
| BOTTOM OF THE 6TH |
|
Oklahoma State University Cowboys batting - Pitching for University of Illinois Fighting Illini : RHP Aaron Andrei
|
|
Batting: RHB Chris Marcellus
|
0-0: Ball 1-0: Swinging Strike 1-1: Ball 2-1: Fly out, F5 (Popup, 5S, EV 83.1 MPH)
|
|
Pitching: RHP Gustavo Garza
|
|
|
Batting: RHB Mennad Maalik
|
0-0: Swinging Strike 0-1: Foul Ball, location: 2F 0-2: Strikes out swinging
|
|
Batting: RHB Justin Klein
|
0-0: Foul Ball, location: 2F 0-1: Swinging Strike 0-2: Strikes out looking
|
| Bottom of the 6th over - 0 runs, 0 hits, 0 errors, 0 left on base; University of Illinois 6 - Oklahoma State University 10 |
| TOP OF THE 7TH |
|
University of Illinois Fighting Illini batting - Pitching for Oklahoma State University Cowboys : RHP Yorinobu Matsumoto
|
|
Pitching: RHP Franck Basset
|
|
|
Now in CF: Alex Montiel
|
|
|
Batting: RHB Hugo Priego
|
0-0: Ball 1-0: Ball 2-0: Ball 3-0: Called Strike 3-1: Foul Ball, location: 2F 3-2: Base on Balls
|
|
Pinch Hitting: LHB Yashiya Nakata
|
0-0: Foul Ball, location: 2F 0-1: Foul Ball, location: 2F 0-2: Ball 1-2: Strikes out looking
|
|
Batting: LHB Bill Kovac
|
0-0: Called Strike 0-1: Ball 1-1: Foul Ball, location: 2F 1-2: Ball 2-2: Foul Ball, location: 2F 2-2: SINGLE (Groundball, 34D, EV 99.4 MPH) Hugo Priego to second Runner from 2nd tries for 3rd, SAFE, throw by RF made at trailing runner, OUT! 9-6
|
|
Batting: SHB Miguel Perez
|
0-0: Called Strike 0-1: Called Strike 0-2: Ball 1-2: Ball 2-2: Strikes out swinging
|
| Top of the 7th over - 0 runs, 1 hit, 0 errors, 1 left on base; University of Illinois 6 - Oklahoma State University 10 |
| BOTTOM OF THE 7TH |
|
Oklahoma State University Cowboys batting - Pitching for University of Illinois Fighting Illini : RHP Gustavo Garza
|
|
Now in LF: Yashiya Nakata
|
|
|
Batting: SHB Mel Gonzalez
|
0-0: Ball 1-0: Ball 2-0: Ball 3-0: Called Strike 3-1: Called Strike 3-2: Ground out 4-3 (Groundball, 4, EV 88.8 MPH)
|
|
Batting: RHB Alex Montiel
|
0-0: Called Strike 0-1: Ball 1-1: Foul Ball, location: 2F 1-2: SINGLE (Line Drive, 6D, EV 95.6 MPH)
|
|
Pinch Hitting: RHB Dennis Bennett
|
0-0: Grounds into double play, 6-4-3 (Groundball, 6, EV 83.1 MPH)
|
| Bottom of the 7th over - 0 runs, 1 hit, 0 errors, 0 left on base; University of Illinois 6 - Oklahoma State University 10 |
| TOP OF THE 8TH |
|
University of Illinois Fighting Illini batting - Pitching for Oklahoma State University Cowboys : RHP Franck Basset
|
|
Pitching: RHP Carlos Segura
|
|
|
Now at SS: Dennis Bennett
|
|
|
Batting: LHB Clint Hanninen
|
0-0: SINGLE (Line Drive, 4MD, EV 95.6 MPH)
|
|
Pitching: RHP Andrew Dopp
|
|
|
Pinch Hitting: LHB Andrew Barzee
|
0-0: Foul Ball, location: 2F 0-1: Ball 1-1: Called Strike 1-2: Ball 2-2: Foul Ball, location: 2F 2-2: Ball 3-2: SINGLE (Groundball, 4MD, EV 105.0 MPH) Clint Hanninen to second Runner from 2nd tries for 3rd, SAFE, throw by CF made to third
|
|
Batting: RHB Alejandro Collazo
|
0-0: Called Strike 0-1: Called Strike 0-2: Ball 1-2: Ball 2-2: Foul Ball, location: 2F 2-2: Fly out, F8 (Flyball, 8LD, EV 108.1 MPH) Runner from 3rd tags up, SCORES, throw by CF
|
|
Batting: RHB Adrian Segovia
|
0-0: Grounds into double play, 6-4-3 (Groundball, 6, EV 100.0 MPH)
|
| Top of the 8th over - 1 run, 2 hits, 0 errors, 0 left on base; University of Illinois 7 - Oklahoma State University 10 |
| BOTTOM OF THE 8TH |
|
Oklahoma State University Cowboys batting - Pitching for University of Illinois Fighting Illini : RHP Gustavo Garza
|
|
Pitching: RHP Juan Gutierrez
|
|
|
Now in RF: Andrew Barzee
|
|
|
Batting: RHB Tatsunori Ishigaki
|
0-0: Ball 1-0: Ball 2-0: Ball 3-0: Base on Balls
|
|
Batting: RHB Ivan Torres
|
0-0: Ball 1-0: Ball 2-0: Sac Bunt to 2R - play at first, batter safe! Tatsunori Ishigaki to second
|
|
Batting: RHB Ji-an See-to
|
0-0: Foul Ball, location: 2F 0-1: Ball 1-1: Ball 2-1: Ball 3-1: Foul Ball, location: 2F 3-2: Fielders Choice at 2nd, 5-4 (Groundball, 56S, EV 91.2 MPH) Tatsunori Ishigaki to third
|
|
Pinch Hitting: LHB Gong Tow
|
0-0: Fly out, F7 (Flyball, 7D, EV 87.5 MPH) Runner from 3rd tags up, SCORES, no throw by LF
|
|
Batting: RHB Mennad Maalik
|
0-0: Called Strike 0-1: Hit by Pitch Ji-an See-to to second
|
|
Batting: RHB Mark Tart
|
0-0: Swinging Strike 0-1: Foul Ball, location: 2F 0-2: Ground out 4-3 (Groundball, 4, EV 81.9 MPH)
|
| Bottom of the 8th over - 1 run, 1 hit, 0 errors, 2 left on base; University of Illinois 7 - Oklahoma State University 11 |
| TOP OF THE 9TH |
|
University of Illinois Fighting Illini batting - Pitching for Oklahoma State University Cowboys : RHP Andrew Dopp
|
|
Pitching: RHP Hector Martinez
|
|
|
Now in RF: Armando Moreno
|
|
|
Pinch Hitting: RHB Mustafa bin Gamali
|
0-0: Ball 1-0: Foul Ball, location: 2F 1-1: Foul Ball, location: 2F 1-2: Ball 2-2: Strikes out swinging
|
|
Batting: RHB Hugo Priego
|
0-0: Ball 1-0: Foul Ball, location: 2F 1-1: Ball 2-1: Ground out 1-3 (Groundball, 13S, EV 71.2 MPH)
|
|
Batting: LHB Yashiya Nakata
|
0-0: Foul Ball, location: 2F 0-1: Ball 1-1: DOUBLE (Line Drive, 78D, EV 111.2 MPH)
|
|
Batting: LHB Bill Kovac
|
0-0: Called Strike 0-1: Ball 1-1: Swinging Strike 1-2: Ball 2-2: Ball 3-2: Foul Ball, location: 2F 3-2: Fly out, F8 (Flyball, 8LXD, EV 96.9 MPH)
|
| Top of the 9th over - 0 runs, 1 hit, 0 errors, 1 left on base; University of Illinois 7 - Oklahoma State University 11 |
|